[Event "Vugar Gashimov Memorial Blitz 2024"]
[Site "Shusha"]
[Date "2024.09.28"]
[Round "10.3"]
[White "Suleymanli, Aydin"]
[Black "Rapport, Richard"]
[Result "0-1"]
[ECO "B06"]
[WhiteElo "2632"]
[BlackElo "2715"]
[Annotator "TA"]
[PlyCount "110"]
[EventDate "2024.09.28"]
[EventType "tourn"]
[EventCountry "AZE"]
[SourceTitle "playchess.com"]
[Source "ChessBase"]
[SourceQuality "1"]
[TimeControl "180+2"]

1. e4 g6 2. d4 Bg7 3. Nf3 d6 4. h3 a6 5. Bd3 e6 6. O-O {[%emt 0:00:02] B06: Modern Defence.} Ne7 7. c3 Nd7 8. Bf4 h6 9. Bg3 $146 ({Predecessor:} 9. Bh2 b6 10. Nbd2 Bb7 11. Re1 O-O 12. e5 d5 13. Rc1 c5 14. Nf1 c4 15. Bb1 {1-0 Antonova,N (1832)-Burke,P Titled Tuesday intern op 05th Jul Late blitz 2022 (5)}) 9... b6 10. Nbd2 Bb7 11. a4 O-O 12. Re1 e5 13. dxe5 dxe5 14. Nc4 Nc6 15. b4 Qe7 16. Ne3 Rae8 17. Bh4 Nf6 18. Nd5 Qd6 19. Bxf6 Bxf6 20. Qe2 Nb8 21. Ne3 h5 22. Rad1 Qe7 23. Qc2 c6 24. Nc4 Qc7 25. Bf1 Re6 26. Rd2 b5 27. Na5 Bc8 28. Red1 (28. c4 $14) 28... Be7 $11 29. Qb3 Rf6 30. c4 (30. axb5 $14 axb5 31. Qc2) 30... bxa4 $1 $15 31. Qc3 (31. Qxa4 $11 {was the only way to keep the balance.} c5 32. b5) 31... Rf4 $2 (31... c5 $17 32. bxc5 Qxc5) 32. c5 $16 (32. Nxe5 $2 c5 33. b5 Bf6 $19) 32... Rxe4 33. Nc4 Be6 34. Nd6 (34. Ncxe5 Bf6 35. Rd6 Nd7 $19) (34. Nfxe5 a5 35. bxa5 Bxc5 $15) 34... Bxd6 (34... Rf4 $14) 35. cxd6 ({White has to play} 35. Rxd6 $16 Bb3 36. Ng5) 35... Qb6 (35... Qd8 $11) 36. Ng5 $14 (36. Nxe5 Bd5 $11) 36... Rf4 (36... Rd4 $16) 37. Nxe6 $18 (37. Qxe5 Rf5 38. Qg3 Bd5 $17) 37... fxe6 38. Qg3 Kh7 (38... Kf7 $16) 39. d7 $18 h4 $2 (39... Nxd7 40. Rxd7+ Kh6) 40. Qe3 (40. d8=B Rxd8 41. Qg5 Rxd2 42. Rxd2 Qxb4 $11) 40... Qd8 41. Qxe5 a3 (41... R8f6 $142 42. Bd3 Kh6) 42. Bd3 R4f6 43. Bb1 R8f7 {[%emt 0:00:01] [#]} 44. Qxb8 $2 (44. Qg5 $3 {[%cal Ob1g6][%mdl 512] Bxg6+! would kill now.} Qxd7 45. Qxh4+ Kg7 46. Rxd7 Nxd7 47. Kh2) 44... Qxb8 $18 45. d8=Q (45. d8=B $2 Rf4 46. Ba5 Qa7 $19) 45... Qxd8 46. Rxd8 Rxf2 {[%emt 0:00:01] [#]} 47. Ra8 $2 (47. R8d7 $1 $18) 47... a2 $17 48. Be4 $2 (48. Rxa6 $2 Rf1+ (48... axb1=R 49. Rxb1 Rc2 50. Ra5 $17) 49. Kh2 axb1=Q $19 (49... axb1=R $2 50. Rxb1 Rxb1 51. Ra2 $19)) (48. Bd3 $17) 48... Rf1+ $19 49. Rxf1 Rxf1+ 50. Kxf1 a1=Q+ (50... a1=B $2 {loses.} 51. Rxa6 (51. Bxc6 Bc3 $18) 51... Bc3 52. Ra4 $18 (52. Bxc6 Bxb4 53. Be4 Kg8 $18)) 51. Kf2 Qd4+ 52. Kf3 Qc3+ 53. Kf2 Qxb4 54. Bf3 a5 55. Ra6 a4 0-1

[Event "Vugar Gashimov Memorial Blitz 2024"]
[Site "Shusha"]
[Date "2024.09.28"]
[Round "10.4"]
[White "Aravindh, Chithambaram VR."]
[Black "Mamedov, Rauf"]
[Result "1-0"]
[ECO "B50"]
[WhiteElo "2698"]
[BlackElo "2637"]
[Annotator "TA"]
[PlyCount "77"]
[EventDate "2024.09.28"]
[EventType "tourn"]
[EventCountry "AZE"]
[SourceTitle "playchess.com"]
[Source "ChessBase"]
[SourceQuality "1"]
[TimeControl "180+2"]

1. e4 c5 2. Nf3 d6 3. c3 Nf6 4. h3 g6 5. Bd3 Bg7 6. O-O O-O 7. Bc2 Nc6 8. a3 e5 9. b4 b6 10. d3 {[%emt 0:00:05] The position is equal.} h6 11. Nbd2 Be6 12. Bb2 Rc8 13. Re1 a6 14. Nf1 d5 15. exd5 Nxd5 16. Ng3 Nf4 17. Bc1 Qc7 18. bxc5 bxc5 19. Be3 Nd5 20. Bxc5 (20. Bd2 $1 $15) 20... Nxc3 $17 21. Qd2 {[%emt 0:00:03] [#]} Rfd8 {[%emt 0:00:01][%cal Oe5e4] Threatens to win with ...e4!} 22. Rac1 {[%emt 0:00:44] [#]} (22. d4 {was worth a try.} Nxd4 (22... exd4 $2 23. Bxg6 d3 24. Rac1 $19) 23. Bxd4) 22... Na2 $2 (22... e4 $1 $19 23. Nxe4 Nxe4 24. Rxe4 Bd5 (24... Ne5 25. Nxe5 Bxe5 26. Ba4 $15)) 23. Rb1 $15 Rb8 {[%emt 0:00:36] Inhibits Bb6.} (23... Nd4 $15 24. Nxd4 exd4 (24... Qxc5 $2 25. Nxe6 fxe6 26. Bb3 $18)) 24. Rxb8 (24. d4 {keeps more tension.} exd4 25. Bxg6 Nc3 26. Rxb8 Nxb8 27. Bxd4 Nb5 28. Be5) 24... Rxb8 25. d4 Nxd4 (25... Rb2 $1 $11 26. Rb1 (26. d5 Nd4 $11) 26... Rxc2 27. Qxc2 Nxd4 28. Nxd4 exd4) 26. Bxd4 $16 exd4 27. Bxg6 $1 {[%emt 0:00:02][%cal Oe1e6] Black must now prevent Rxe6!} Qc3 (27... Bd5 $16 28. Be4 Bxe4 29. Rxe4 (29. Nxe4 Nc3 $16) 29... Nc3) 28. Qf4 $18 Rf8 29. Bf5 d3 30. Qg4 (30. Bxe6 fxe6 31. Qe3 (31. Qd6 $2 Rxf3 32. Rxe6 d2 $19) 31... d2 32. Nxd2 Qxe3 33. Rxe3 Bd4) (30. Qd6 $18 Bc8 31. Bxd3) 30... Kh8 31. Rd1 Nc1 32. Kh2 (32. Bxe6 $16 fxe6 33. Nh5 (33. Qxe6 Qc2 $16)) 32... Rg8 $2 (32... Bb3 $11 {and Black is okay.} 33. Rd2 Rd8) 33. Bxe6 fxe6 34. Qxe6 {[%emt 0:00:02] Strongly threatening Nh4.} Qc7 $2 (34... Qb3 35. Qxb3 (35. Rxc1 $2 Qxe6 36. Nf1 Rc8 $19) 35... Nxb3 36. Rxd3 Rb8) 35. Nh4 Rd8 36. Nhf5 {[%emt 0:00:04][%cal Of5g7] Hoping for Nxg7!} ({Not} 36. Qxa6 d2 37. Nhf5 Na2 $18) 36... Ne2 37. Nxh6 {[%emt 0:00:05] Excellent horsemanship.} Rf8 {[%emt 0:00:01] Dodges Nf7+} 38. Rxd3 {[%emt 0:00:02] And now Rd7 would win.} (38. Qxa6 $2 {is the wrong capture.} Rxf2 $17) 38... Rxf2 $2 (38... Nf4 $18 39. Qd6 (39. Qxa6 $2 {perishes.} Nxd3 40. Qxd3 Bxh6 $19) 39... Qc8) 39. Qg8# {[%emt 0:00:01] Never resign too early!   Weighted Error Value: White=0.34/Black=0.70.  Loses game:     	---       	Black=1      Missed win:     	---       	Black=1      Mistake:       	White=4     	Black=5      Inaccurate:     	White=7     	Black=4      OK:         	White=4     	Black=5      Best:        	White=5     	Black=2      Strong:       	White=1     	---} 1-0

[Event "Vugar Gashimov Memorial Blitz 2024"]
[Site "Shusha"]
[Date "2024.09.28"]
[Round "11.1"]
[White "Aravindh, Chithambaram VR."]
[Black "Mamedyarov, Shakhriyar"]
[Result "0-1"]
[ECO "C28"]
[WhiteElo "2698"]
[BlackElo "2733"]
[Annotator "TA"]
[PlyCount "80"]
[EventDate "2024.09.28"]
[EventType "tourn"]
[EventCountry "AZE"]
[SourceTitle "playchess.com"]
[Source "ChessBase"]
[SourceQuality "1"]
[TimeControl "180+2"]

1. e4 e5 2. Nc3 Nc6 3. Bc4 Nf6 4. d3 Bc5 5. h3 d6 6. Nge2 {[%emt 0:00:02] C28: Vienna Game: 2...Nf6 3 Bc4 Nc6.} Na5 7. Ng3 Nxc4 8. dxc4 Be6 9. b3 h5 $146 ({Predecessor:} 9... c6 10. O-O O-O 11. Bb2 a6 12. Na4 Qc7 13. Nxc5 dxc5 14. Qd2 Nd7 15. Rad1 f6 {1-0 Casper,T (2355)-Braun,G (2360) DDR-ch28 Final 1979 (13)}) 10. Qf3 h4 11. Nf5 Bxf5 12. exf5 e4 13. Qe2 Qe7 14. Bb2 Qe5 15. O-O-O Qxf5 16. f3 $1 O-O-O 17. fxe4 Qg6 18. Rhf1 Rde8 19. Qf3 Rh5 20. Nd5 Nxd5 (20... Qxe4 $2 21. Bxf6 Rxd5 (21... Qxf3 $2 22. Rxf3 Rxd5 23. Rxd5 $18) 22. Rxd5 $18) (20... Nxe4 $2 21. Nf4 Rf5 22. Nxg6 $18) (20... Rxe4 $2 21. Bxf6 Rxd5 (21... gxf6 $2 22. Nxf6 Ree5 23. Nxh5 $18) 22. cxd5 $18) 21. exd5 f6 22. Rde1 (22. Rfe1 $15 Rg5 23. Rxe8+ Qxe8 24. Bd4) 22... Rhh8 $2 (22... Rg5 $19 {Strongly threatening ...Rxe1+.} 23. Kd1 (23. Rxe8+ Qxe8 24. Bc3 Qg6 $19) 23... Rxe1+ (23... Rxg2 $2 24. Rxe8+ Kd7 25. Qxg2 $18) 24. Rxe1 Rxg2) 23. a3 a5 24. Kb1 Qg3 25. Qf5+ Kb8 26. Re6 $1 Qxg2 27. Rfe1 Rc8 28. Re7 Qg3 29. Qd7 Rhd8 $1 30. Qb5 Bb6 (30... Qxh3 $2 31. Rxg7 Rg8 32. Rh7 $19) ({Better is} 30... Bf2 $1 $15 31. R1e2 f5 32. Rxg7 (32. Bxg7 $2 f4 $19) 32... Qf3) 31. b4 $11 axb4 (31... Qxh3 $2 32. bxa5 Bxa5 33. Qxa5 $18) 32. axb4 Qf3 $2 {[%emt 0:00:02] [#]} (32... Qxh3 $11 {and Black stays safe.} 33. Rxg7 Qf5) 33. Qa4 $1 $18 (33. Rxg7 Bf2 34. c5 dxc5 $15 (34... Bxe1 35. c6 Qd1+ 36. Bc1)) 33... Qxh3 {[%emt 0:00:02] [#]} 34. Qb5 $4 ({Inferior is} 34. Rxg7 Qf3 35. Qb3 Qf2 $17) (34. Bc1 $1 $18 {[%cal Oe1e3] R1e3! is the strong threat.} Qc3 35. R1e3 Qxc4 (35... Bxe3 $2 36. Bxe3 Qe1+ 37. Kb2 $18) 36. Ra3) 34... Qf3 35. R7e4 $2 (35. Rxg7 h3 36. c5 dxc5 (36... Qxd5 37. Bxf6 Rf8 38. Bc3 $17) 37. bxc5 Rxd5 38. Qf1 Qxf1 39. Rxf1 Rxc5 (39... Bxc5 $2 40. Rh7 $19) 40. Rh7) 35... h3 $19 36. c5 h2 37. cxb6 (37. Qf1 $142 Qxf1 38. Rxf1 dxc5 39. Rh1) 37... h1=Q (37... h1=N 38. Re7 Qg3 39. Bd4 (39. Rxh1 Qf2 $18) 39... Qa3 40. Rxc7 (40. Rxh1 Qa6 $18) (40. bxc7+ Rxc7 41. Qb6 Ka8 42. R1e3 Qxb4+ 43. Qxb4 Kb8 44. Qb6 Rcd7 45. Qa7+ Kc8 46. Rc3+ Rc7 47. Rexc7#) (40. Rxh1 c6 $18) (40. bxc7+ Rxc7 41. Qb6 Ka8 42. R1e3 Qa6 43. Qxc7 Qf1+ 44. Ka2 Qa6+ 45. Ra3 Qxa3+ 46. Kxa3 Rh8 47. Qxb7#)) 38. bxc7+ Rxc7 39. Re8 Rxe8 40. Qxe8+ Rc8 0-1

[Event "Vugar Gashimov Memorial Blitz 2024"]
[Site "Shusha"]
[Date "2024.09.28"]
[Round "11.2"]
[White "Mamedov, Rauf"]
[Black "Suleymanli, Aydin"]
[Result "0-1"]
[ECO "C56"]
[WhiteElo "2637"]
[BlackElo "2632"]
[Annotator "TA"]
[PlyCount "68"]
[EventDate "2024.09.28"]
[EventType "tourn"]
[EventCountry "AZE"]
[SourceTitle "playchess.com"]
[Source "ChessBase"]
[SourceQuality "1"]
[TimeControl "180+2"]

1. e4 e5 2. Nf3 Nc6 3. Bc4 Nf6 4. d4 exd4 5. e5 d5 6. Bb5 Ne4 7. Nxd4 Bc5 8. Be3 O-O 9. Nxc6 bxc6 10. Bxc5 Nxc5 11. Bxc6 Rb8 12. Qxd5 Qe7 {[%emt 0:00:04][%cal Of8d8] [#] And now ...Rd8! would win.} 13. O-O Rxb2 {[%emt 0:00:14] The position is equal.} 14. Nc3 Rxc2 (14... Rd8 $5 15. Qf3 Ne6 $11) 15. Qd4 Ne6 16. Qd3 Rb2 17. Nd5 Qh4 (17... Qc5 $11 {keeps the balance.}) 18. Qa3 Qd4 19. Ne7+ (19. Rad1 $14 Qxe5 20. Ne3 (20. Qxa7 g6 $14)) 19... Kh8 $11 20. Bd5 {[%emt 0:00:04] [#]} (20. Rad1 $11 Qxe5 21. Bd5 (21. Qxa7 Rb6 $11)) 20... Rxf2 $3 $17 21. Kh1 (21. Rxf2 Qxa1+) 21... Rd8 ({Better is} 21... c5 {...Nf4 is the strong threat.} 22. Bf3 Bd7 (22... Qxe5 23. Nxc8 Rxc8 24. Qxa7 $19)) 22. Bf3 Rxf1+ 23. Rxf1 Qxe5 ({Black should play} 23... Bd7 $17 24. Rd1 Qh4 (24... Qxe5 $2 {too greedy.} 25. Nc6 $18)) 24. Nxc8 Rxc8 25. Qxa7 Qb5 $40 {[%emt 0:00:01][%mdl 128] White needs to defend precisely.} 26. Rc1 g6 27. h3 Qb2 28. Re1 Rd8 29. a4 Qb4 30. Ra1 {[%emt 0:00:02] White is weak on the dark squares} Qc3 31. Qg1 Nd4 {[%emt 0:00:03] Black has more active pieces.} 32. Rd1 Rd6 (32... Nxf3 $2 {is the wrong capture.} 33. Rxd8+ Kg7 34. gxf3 $18) 33. Bg4 (33. Rc1 $17 Qd2 34. Rd1) 33... h5 $19 34. Bf3 (34. Bc8 {is a better chance.} Ne2 35. Qe1) 34... Nxf3 {[%emt 0:00:02] Weighted Error Value: White=0.40/Black=0.17 (very precise) .  Mistake:       	White=4     	Black=3      Inaccurate:     	White=5     	Black=2      OK:         	White=10    	Black=9      Best:        	White=1     	Black=2      Brilliant:      	---       	Black=1} 0-1

[Event "Vugar Gashimov Memorial Blitz 2024"]
[Site "Shusha"]
[Date "2024.09.28"]
[Round "11.3"]
[White "Rapport, Richard"]
[Black "Nepomniachtchi, Ian"]
[Result "1/2-1/2"]
[ECO "B50"]
[WhiteElo "2715"]
[BlackElo "2755"]
[Annotator "TA"]
[PlyCount "83"]
[EventDate "2024.09.28"]
[EventType "tourn"]
[EventCountry "AZE"]
[SourceTitle "playchess.com"]
[Source "ChessBase"]
[SourceQuality "1"]
[TimeControl "180+2"]

1. e4 c5 2. Nf3 d6 3. c3 Nf6 4. Be2 e5 5. Bb5+ Bd7 6. Bxd7+ {[%emt 0:00:02] B50: Sicilian: 2...d6, Miscellaneous.} Qxd7 7. d3 Nc6 8. Bg5 $146 ({Predecessor:} 8. O-O Be7 9. Re1 O-O 10. Nbd2 Ne8 11. d4 cxd4 12. cxd4 Nxd4 13. Nxd4 exd4 14. Nf3 {½-½ Yaakkimainen,V (2169)-Rumak,M (2123) Karelia-ch 65th 2012 (2)}) 8... Be7 9. Nbd2 O-O 10. Bxf6 Bxf6 11. Qb3 Ne7 12. Nc4 d5 13. Ne3 c4 14. dxc4 dxe4 15. Nd2 Bg5 $1 16. O-O-O Qc6 17. Qb5 Qxb5 18. cxb5 f5 19. Kc2 Rac8 20. Nec4 Bxd2 21. Nxd2 Kf7 22. Kb3 (22. Rhe1 $14) 22... Ke6 $15 23. Nc4 Rfd8 24. a4 Nd5 (24... Rxd1 $15 25. Rxd1 Nd5) 25. Na5 $1 $11 b6 $1 26. Nc6 Rd7 27. g3 a5 (27... Nf6 $11) 28. c4 $16 Nf6 29. c5 $1 bxc5 30. Rxd7 (30. Nxa5 Rd4 $16) 30... Nxd7 31. Nxa5 c4+ 32. Nxc4 (32. Ka3 $1 $16 {And now Rc1 would win.} f4 33. gxf4 exf4 34. Nc6) 32... Nc5+ $11 33. Ka3 Nxa4 $1 34. b6 (34. Kxa4 {simplifies} Rxc4+ 35. Ka5 Kd7 36. Rd1+) 34... Nc5 (34... Rxc4 35. b7 Nc5 36. b3 (36. b8=R $2 Ra4#) 36... Nxb7 37. bxc4) 35. Rd1 Nb7 (35... Nd3 $11) 36. Kb4 $16 f4 {[%emt 0:00:01] [#]} (36... Rd8 $16 {is a better defense.} 37. Rxd8 Nxd8) 37. Kb5 $2 (37. gxf4 $1 $18 Rf8 38. Na5 (38. fxe5 Rxf2 39. b3 Rf8 $18) (38. Nxe5 Rxf4 39. Nc4 Rxf2 $18) 38... Nxa5 39. Kxa5) 37... g5 $2 {[%emt 0:00:03] [#]} (37... Rc5+ $11 38. Ka6 Rxc4 39. Kxb7 Rb4) 38. b4 $1 $18 g4 $2 (38... h6 $16 {might work better.} 39. g4 Rd8) 39. Re1 Kd5 $1 40. Rd1+ Ke6 41. Re1 $2 ({Only move:} 41. gxf4 $18 exf4 42. Rd4) 41... Kd5 $1 $11 42. Rd1+ 1/2-1/2

[Event "Vugar Gashimov Memorial Blitz 2024"]
[Site "Shusha"]
[Date "2024.09.28"]
[Round "11.4"]
[White "Abdusattorov, Nodirbek"]
[Black "Artemiev, Vladislav"]
[Result "1/2-1/2"]
[ECO "C26"]
[WhiteElo "2766"]
[BlackElo "2701"]
[Annotator "TA"]
[PlyCount "95"]
[EventDate "2024.09.28"]
[EventType "tourn"]
[EventCountry "AZE"]
[SourceTitle "playchess.com"]
[Source "ChessBase"]
[SourceQuality "1"]
[TimeControl "180+2"]

1. e4 e5 2. Nf3 Nc6 3. g3 Nf6 4. d3 Bc5 5. Bg2 d6 6. Nc3 a5 7. O-O O-O 8. h3 Ne7 {[%emt 0:00:06] Schwarz hat minimalen Vorteil.} 9. Bg5 Ne8 10. d4 exd4 11. Nxd4 h6 12. Be3 Nf6 13. Qd2 Re8 14. Rad1 Ng6 15. Ndb5 Bxe3 16. Qxe3 Bd7 17. a4 Qc8 18. Kh2 Re5 19. f3 (19. f4 Bxh3 (19... Rh5 $2 20. Qd2 $19) 20. Kg1 (20. fxe5 $2 Ng4+ 21. Kxh3 Nxe3+ 22. Kh2 Nxf1+ 23. Bxf1 Nxe5 $19) (20. Bxh3 $2 Rh5 $19) 20... Bxg2 21. Kxg2 Rh5 $17) 19... Rh5 20. h4 Rc5 21. Kg1 Bxb5 22. Nxb5 Rxc2 23. Rc1 Rxc1 ({Ein No Go ist} 23... Rxb2 $6 24. Nxc7 Rb8 25. Na6 $18) 24. Rxc1 Ne8 {[%emt 0:00:04] [#]} 25. Nxc7 $1 Nxc7 26. Qb6 Ra6 27. Qxc7 Qxc7 28. Rxc7 $11 {[%emt 0:00:01][%mdl 4096] Endspiel. KRB-KRN} Rb6 29. f4 Rxb2 30. Bf1 Nf8 (30... Rb4 $11 {und Schwarz steht sicher.}) 31. f5 {[%emt 0:00:20][%mdl 1024] Weiss hat starke Kompensation.} Nh7 32. Rc8+ Nf8 {[%emt 0:00:01] [#]} 33. Bc4 $1 Rb4 34. Rc7 {[%emt 0:00:08] Weiß steht aktiver.} (34. Bd5 $16) 34... Nh7 $2 ({Besser ist} 34... Nd7 $1 $11) 35. Bxf7+ (35. g4 $16) 35... Kf8 $14 36. Bd5 {[%emt 0:00:13] Schwarz sollte Rf7+ verhindern.} Nf6 37. Rf7+ Ke8 {[%emt 0:00:01] ...Nxd5 ist eine echte Drohung.} 38. Rxg7 (38. Rxb7 $2 {geht unter.} Nxd5 (38... Nxe4 $2 {zu gefräßig.} 39. Rxb4 Nxg3 40. Rb5 $18) 39. Rxg7 Rxe4 $19) 38... Rxa4 39. Rxb7 {[%emt 0:00:08] Schwarz muss nun Bc6+ beachten.} Rd4 40. Rb5 a4 {[%emt 0:00:01] Die Stellung ist ausgeglichen.} 41. Ra5 Rd3 42. Rxa4 {[%emt 0:00:20] Und jetzt Ra8+ wäre schön.} Nxd5 43. exd5 Rxg3+ $11 {[%emt 0:00:01] KR-KR} 44. Kf2 Rd3 45. Re4+ Kf7 46. Re6 Rxd5 47. Rxh6 Rxf5+ 48. Ke3 {[%emt 0:00:08] Gewichteter Fehlerwert: Weiß=0.13 (sehr präzise) /Schwarz=0.16 (sehr präzise) .  Fehler:       	Weiß=2     	Schwarz=2     Ungenau:       	Weiß=4     	Schwarz=4     OK:         	Weiß=12    	Schwarz=18    Bester:       	Weiß=1     	Schwarz=5     Stark:        	Weiß=1     	---        Brilliant:      	Weiß=1     	---} 1/2-1/2

[Event "Vugar Gashimov Memorial Blitz 2024"]
[Site "Shusha"]
[Date "2024.09.28"]
[Round "12.1"]
[White "Mamedyarov, Shakhriyar"]
[Black "Abdusattorov, Nodirbek"]
[Result "0-1"]
[ECO "D02"]
[WhiteElo "2733"]
[BlackElo "2766"]
[Annotator "RC"]
[PlyCount "132"]
[EventDate "2024.09.28"]
[EventType "tourn"]
[EventCountry "AZE"]
[SourceTitle "playchess.com"]
[Source "ChessBase"]
[SourceQuality "1"]
[TimeControl "180+2"]

1. Nf3 d5 2. g3 Nf6 3. Bg2 c5 4. O-O Nc6 5. d4 e6 6. a3 cxd4 7. Nxd4 Bc5 8. Nxc6 bxc6 9. c4 O-O 10. Qc2 Be7 11. Rd1 Ba6 12. b3 Qb6 13. Be3 c5 14. cxd5 exd5 15. Bg5 Rab8 16. Nc3 d4 17. Bxf6 Qxf6 18. Nd5 Qe5 19. b4 Bxe2 20. Re1 d3 21. Nxe7+ Qxe7 22. Qxd3 Bxd3 23. Rxe7 cxb4 24. axb4 a6 25. Bb7 g6 26. Rc1 Rfe8 27. Rec7 Re6 28. h4 Kg7 29. Bd5 Rf6 30. R1c3 Bf5 31. R3c4 Rd8 32. R4c5 Rb8 33. Rc4 h5 34. Ra7 Rd8 35. Rc5 Bg4 36. Ra5 Rdd6 37. Kf1 Rb6 38. Ra4 Bd1 39. Ra1 Bc2 40. Kg1 Bd3 41. Ra3 Bb5 42. Re3 Rbd6 43. Bb3 Rd2 44. f4 Rb2 45. Bd5 Rd2 46. Re5 Rd4 47. Kf2 Rd2+ 48. Ke3 Rd3+ 49. Kf2 Kf8 50. Ra8+ Kg7 51. Ra7 Rd1 52. Bf3 Rd2+ 53. Ke3 Rd3+ 54. Kf2 Rfd6 55. Ree7 Rd2+ 56. Ke1 Bc4 57. Rac7 R2d4 58. f5 Bb3 59. fxg6 Kxg6 60. Re4 Rd3 61. Rf4 Re3+ 62. Kf2 Re5 63. Be4+ Kg7 64. Rc5 Rde6 65. Bf3 Kg6 66. Be4+ Rxe4 0-1

[Event "Vugar Gashimov Memorial Blitz 2024"]
[Site "Shusha"]
[Date "2024.09.28"]
[Round "12.2"]
[White "Artemiev, Vladislav"]
[Black "Rapport, Richard"]
[Result "1-0"]
[ECO "A15"]
[WhiteElo "2701"]
[BlackElo "2715"]
[Annotator "TA"]
[PlyCount "63"]
[EventDate "2024.09.28"]
[EventType "tourn"]
[EventCountry "AZE"]
[SourceTitle "playchess.com"]
[Source "ChessBase"]
[SourceQuality "1"]
[TimeControl "180+2"]

1. Nf3 Nf6 2. c4 g6 3. b3 d6 4. Bb2 Bg7 5. g3 O-O 6. Bg2 e5 7. d3 Re8 8. O-O a5 9. Nc3 Na6 10. a3 c6 {[%emt 0:00:02] The position is equal.} 11. b4 Bd7 12. b5 Nc5 13. Nd2 h5 14. h4 Ng4 15. bxc6 bxc6 16. Nce4 Nxe4 17. Nxe4 Rb8 18. Bc3 d5 19. Nc5 Bf5 20. e4 Bc8 21. cxd5 cxd5 {[%emt 0:00:02] [#]} (21... Qd6 $11 {remains equal.} 22. Nb3 cxd5 23. exd5 e4 24. Bxg7 e3) 22. exd5 ({Better is} 22. Qa4 $1 $16) 22... Rb5 $11 23. d4 Bf5 {[%emt 0:00:36] Hoping for ...e4.} 24. a4 exd4 25. Bxd4 ({Much worse is} 25. axb5 dxc3 26. Qa4 Re2 $17) 25... Bxd4 26. Qxd4 (26. axb5 $2 {loses.} Bxc5 27. Ra2 Bd7 $19) 26... Rb4 27. Qd2 Qd6 28. Rac1 Rc8 29. Ne4 Rxe4 $4 {[%emt 0:00:04][%mdl 8192] [#]} (29... Qe5 $11 {and Black has nothing to worry.} 30. Rxc8+ Bxc8) 30. Rxc8+ $18 {[%emt 0:00:01] White is clearly winning.} Kh7 31. Bxe4 Bxe4 32. Qd4 {[%emt 0:00:01] Weighted Error Value: White=0.10 (very precise) /Black=0.42.  Loses game:     	---       	Black=1      Mistake:       	White=1     	Black=1      Inaccurate:     	White=2     	Black=3      OK:         	White=9     	Black=6      Best:        	White=1     	Black=1} 1-0

[Event "Vugar Gashimov Memorial Blitz 2024"]
[Site "Shusha"]
[Date "2024.09.28"]
[Round "12.3"]
[White "Nepomniachtchi, Ian"]
[Black "Mamedov, Rauf"]
[Result "0-1"]
[ECO "B31"]
[WhiteElo "2755"]
[BlackElo "2637"]
[Annotator "TA"]
[PlyCount "40"]
[EventDate "2024.09.28"]
[EventType "tourn"]
[EventCountry "AZE"]
[SourceTitle "playchess.com"]
[Source "ChessBase"]
[SourceQuality "1"]
[TimeControl "180+2"]

1. e4 c5 2. Nf3 Nc6 3. Bb5 Nf6 4. Nc3 g6 5. O-O Bg7 6. Re1 O-O 7. e5 Nh5 (7... Ne8 $11) 8. Bxc6 $14 dxc6 9. d3 $1 f6 {[%emt 0:00:04] Weiß steht etwas besser.} 10. exf6 Nxf6 11. h3 Nd5 {[%emt 0:00:04] Verhindert Bf4} 12. Ne4 b6 13. Neg5 Qd6 14. Qe2 Bd7 15. Ne5 (15. Ne6 {vereinfacht} Bxe6 16. Qxe6+ Qxe6 17. Rxe6 Nb4 18. Re2) 15... Rae8 16. Bd2 (16. Nxd7 {vereinfacht} Qxd7 17. Qe6+ Qxe6 18. Nxe6 Rf5 19. Nxg7 Kxg7 20. b3) 16... Bc8 17. Rad1 Qf6 ({Vorzuziehen ist} 17... Rf5 $14 18. Ngf3 Ref8) 18. Bc1 Rd8 {[%emt 0:00:02] [#]} 19. Ngf3 $1 Rd6 {[%emt 0:00:02] [#]} 20. Nh2 {[%emt 0:00:02] Ein dynamisches Springerpaar.} ({Besser ist} 20. Bg5 $1 $18 Qf5 21. Qd2) 20... Nf4 {[%emt 0:00:02][%mdl 32768] Gewichteter Fehlerwert: Weiß=0.25 (präzise) /Schwarz=0.26 (präzise) .  Fehler:       	Weiß=1     	Schwarz=1     Ungenau:       	Weiß=2     	Schwarz=3     OK:         	Weiß=4     	Schwarz=3     Bester:       	---       	Schwarz=1     Stark:        	Weiß=2     	---       . Zeitüberschreitung!?} 0-1

[Event "Vugar Gashimov Memorial Blitz 2024"]
[Site "Shusha"]
[Date "2024.09.28"]
[Round "12.4"]
[White "Suleymanli, Aydin"]
[Black "Aravindh, Chithambaram VR."]
[Result "0-1"]
[ECO "C87"]
[WhiteElo "2632"]
[BlackElo "2698"]
[Annotator "TA"]
[PlyCount "60"]
[EventDate "2024.09.28"]
[EventType "tourn"]
[EventCountry "AZE"]
[SourceTitle "playchess.com"]
[Source "ChessBase"]
[SourceQuality "1"]
[TimeControl "180+2"]

1. e4 e5 2. Nf3 Nc6 3. Bb5 a6 4. Ba4 d6 5. O-O Bg4 6. h3 Bh5 7. c3 Be7 8. Re1 Nf6 9. d3 O-O 10. Nbd2 Nd7 11. Nf1 Nc5 12. Bc2 Ne6 13. Ng3 {[%emt 0:00:09] White is slightly better.} Bxf3 14. Qxf3 Bg5 15. Be3 g6 16. b4 Kh8 17. Bb3 Ng7 18. Bd5 (18. Bxf7 $2 {too greedy.} Bxe3 19. Qxe3 (19. fxe3 $2 Qg5 $19) (19. Rxe3 $2 Qe7 $19) 19... Rxf7 $19) 18... f5 {[%emt 0:00:14] ...f4 would now be deadly.} 19. exf5 gxf5 20. Bxg5 Qxg5 21. a4 {[%emt 0:00:14] [#]} (21. Bxc6 $14 bxc6 22. Qxc6) 21... e4 $1 $11 22. dxe4 Ne5 23. Qd1 {[%emt 0:00:04] Hoping for exf5.} f4 $36 {[%emt 0:00:07][%mdl 3072] Black has compensation. Black fights for an advantage.} 24. Nf1 {[%emt 0:00:13][%mdl 8192] White does not recover from this.} ({White has to play} 24. Nf5 $1 $15) 24... f3 $19 25. g3 (25. Bxb7 $2 Qxg2#) 25... Nh5 {[%emt 0:00:16] ...Nf4 is the strong threat.} 26. Qc1 (26. Bxb7 Nf4 27. Kh1 Qh5 $19 (27... Nxh3 $2 28. Qd4 $19)) (26. Re3 Nf4 27. h4 Nh3+ 28. Kh1 (28. Kh2 $2 Qg4 $19) 28... Nxf2+ 29. Kg1 Nxd1 30. hxg5 Nxe3 31. Nxe3) 26... Nf4 27. Kh2 {[%emt 0:00:04] [#]} Qh5 $1 28. gxf4 {[%emt 0:00:03] [#]} (28. Qxf4 Rxf4) 28... Qh4 $1 29. Ng3 (29. Ne3 Qxf2+) 29... Ng4+ 30. Kg1 Qxh3 {[%emt 0:00:01] Weighted Error Value: White=1.21/Black=0.23 (precise) .  Loses game:     	White=1     	---        Mistake:       	White=2     	---        Inaccurate:     	White=1     	Black=1      OK:         	White=6     	Black=6      Best:        	---       	Black=2      Brilliant:      	---       	Black=1} 0-1